 Dungeon Crawl Stone Soup version 0.27-a0-1188-g73eefd5def (webtiles) character file.

Game seed: 2035874925070362912

14484 tilp the Spear-Bearer (level 12, 0/92 HPs)
             Began as a Barachi Summoner on May 20, 2021.
             Was a High Priest of Okawaru.
             Slain by a six-headed hydra (9 damage)
             ... on level 11 of the Dungeon.
             The game lasted 00:38:57 (17224 turns).

tilp the Spear-Bearer (Barachi Summoner)           Turns: 17224, Time: 00:38:57

Health: 0/92       AC: 14    Str: 16    XL:     12   Next: 17%
Magic:  11/18      EV: 13    Int: 16    God:    Okawaru [*****.]
Gold:   522        SH:  0    Dex: 13    Spells: 10/19 levels left

rFire    + + .     SeeInvis .   a - +1 trident (vorpal)
rCold    . . .     Faith    .   (no shield)
rNeg     . . .     Spirit   .   O - +5 scale mail "Gobrohiy" {Harm rF+ Str+2}
rPois    .         Reflect  .   E - +2 hat
rElec    .         Harm     +   (no cloak)
rCorr    .         Rampage  .   (no gloves)
Will     .....                  (no boots)
Stlth    +++.......             t - amulet of regeneration
HPRegen  1.25/turn              G - ring of protection from fire
MPRegen  0.16/turn              (no ring)

@: heroic, slow
A: amphibious, slowness 1, strong legs 1, +LOS
a: Hop, Renounce Religion, Heroism, Finesse


You were on level 11 of the Dungeon.
You worshipped Okawaru.
Okawaru was extremely pleased with you.
You visited 2 branches of the dungeon, and saw 12 of its levels.
You also visited: Sewer.

You collected 697 gold pieces.
You spent 175 gold pieces at shops.

Inventory:

Hand Weapons
 a - a +1 vorpal trident (weapon)
 b - a +0 trident of venom
 d - a +7 vorpal broad axe
 C - a +2 hand axe of flaming
Missiles
 f - 62 poisoned darts (quivered)
 o - 2 throwing nets
 u - 7 javelins
 v - a curare-tipped dart
 D - 12 atropa-tipped darts
 J - 8 boomerangs
Armour
 A - a +0 scale mail of cold resistance
 E - a +2 hat (worn)
 F - +0 steam dragon scales
 L - a +1 leather armour of fire resistance
 N - a +0 helmet
 O - the +5 scale mail "Gobrohiy" (worn) {Harm rF+ Str+2}
   (Okawaru gifted it to you on level 11 of the Dungeon)

   It affects your strength (+2).
   It protects you from fire.
   It increases damage dealt and taken.
Jewellery
 c - an amulet of the acrobat
 e - an amulet of reflection
 g - a ring of protection from cold
 t - an amulet of regeneration (around neck)
 G - a ring of protection from fire (left hand)
Wands
 k - a wand of mindburst (25)
 n - a wand of iceblast (12)
 p - a wand of charming (10)
 r - a wand of polymorph (9)
 y - a wand of paralysis (9)
 B - a wand of acid (4)
Scrolls
 l - a scroll of torment
 m - 5 scrolls of identify
 w - a scroll of blinking
 x - 3 scrolls of teleportation
 H - a scroll of fog
 I - a scroll of immolation
 K - 2 scrolls of enchant weapon
 M - a scroll of brand weapon
Potions
 h - a potion of curing
 i - 8 potions of ambrosia
 j - 2 potions of brilliance
 q - 2 potions of cancellation
 s - a potion of attraction
 z - 2 potions of haste


   Skills:
 - Level 8.0(13.0) Fighting
 - Level 14.0(19.0) Polearms
 - Level 4.0(9.0) Dodging
 - Level 4.0(9.0) Stealth
 - Level 4.0 Spellcasting
 - Level 8.0 Summonings
 + Level 7.8 Invocations
 - Level 4.0 Evocations


You had 10 spell levels left.
You knew the following spells:

 Your Spells              Type           Power      Damage    Failure   Level
a - Summon Small Mammal   Summ           100%       N/A       1%          1
b - Call Imp              Summ           28%        N/A       3%          2
c - Call Canine Familiar  Summ           28%        N/A       6%          3
d - Summon Guardian Gole  Hex/Summ       16%        N/A       32%         3

Your spell library contained the following spells:

 Spells                   Type           Power      Damage    Failure   Level
 Foxfire                  Conj/Fire      12%        2x1d4     50%         1
 Summon Ice Beast         Ice/Summ       16%        N/A       71%         4
 Summon Lightning Spire   Summ/Air       16%        N/A       71%         4
 Borgnjor's Vile Clutch   Necr/Erth      1%         N/A       100%        5
 Eringya's Noxious Bog    Tmut/Pois      1%         N/A       100%        6


Dungeon Overview and Level Annotations

Branches:
Dungeon (11/15)            Temple (1/1) D:5            Lair (0/6) D:8
    Orc (0/2) D:9           Sewer (visited)

Altars:
Ashenzari
Cheibriados
Dithmenos
Elyvilon
Fedhas
Gozag
Hepliaklqana
Kikubaaqudgha
Makhleb
Nemelex Xobeh
Okawaru
Qazlal
Ru
Sif Muna
Trog
Uskayaw
Vehumet
Wu Jian
Xom
Yredelemnul
Zin
The Shining One
Lugonu

Shops:
D:6 (   D:10 (

Portals:
Abyss: D:3

Annotations:
D:10 dig vault
D:11 Snorg


Innate Abilities, Weirdness & Mutations

You are amphibious.
You cover ground slowly.
You can hop short distances.
You have an extended range of vision and can be seen from far away.


Message History

You puncture the six-headed hydra!
The six-headed hydra is moderately wounded.
Your hound closely misses the six-headed hydra.
Your white imp gestures at the six-headed hydra.
The puff of frost hits the six-headed hydra.
The six-headed hydra closely misses you.
The six-headed hydra bites you but does no damage. x2
The six-headed hydra misses you. The six-headed hydra bites you!
* * * LOW HITPOINT WARNING * * *
The six-headed hydra bites you but does no damage.
Your crimson imp hits the six-headed hydra.
You hit the six-headed hydra.
The six-headed hydra is heavily wounded.
Your hound bites the six-headed hydra.
Your white imp hits the six-headed hydra.
Your white imp freezes the six-headed hydra.
The six-headed hydra bites your white imp!
The six-headed hydra bites your white imp but does no damage.
The six-headed hydra closely misses your white imp.
The six-headed hydra bites your white imp!
Your white imp dies!
The six-headed hydra bites you.
* * * LOW HITPOINT WARNING * * *
The six-headed hydra misses you.
You puncture the six-headed hydra!
The six-headed hydra is severely wounded.
Your crimson imp barely misses the six-headed hydra.
Your hound bites the six-headed hydra.
Unknown command.
You hit the six-headed hydra.
The six-headed hydra is severely wounded.
The six-headed hydra bites you!
* * * LOW HITPOINT WARNING * * *
The six-headed hydra bites you but does no damage.
The six-headed hydra barely misses you.
The six-headed hydra bites you but does no damage.
The six-headed hydra bites you.
* * * LOW HITPOINT WARNING * * *
The six-headed hydra bites you!
You die...

#)###).....# ..
#..#.####..# .
.......##..# .
..#.##.##>.# .#
..#....##..# #####o#
..####.##..#####.....#####
..# #...........h........
..# #.##...####.D## ..#
#.##....###@5#
#........##..#
...##....^.....# # 5
##.........#
........####.# #.####..##
.... KK #.## ###.# ..< .#
###. #


You could see a six-headed hydra (ally target), an orc, a friendly hound
(summoned) and a friendly crimson imp (summoned).

Vanquished Creatures
  A two-headed ogre (D:10)
  An unseen horror (D:10)
  2 kobold demonologists
  A queen bee (D:9)
  2 trolls (D:10)
  2 shadows
  2 wyverns
  2 wraiths (D:9)
  18 yaks
  2 steam dragons
  The ghost of Malog the Conjurer, an amateur OpCj of Gozag (D:4)
  4 water moccasins
  2 two-headed ogre zombies (D:9)
  An ice beast (D:4)
  3 orc warriors
  2 ogres (D:7)
  5 centaurs
  3 lemures (D:4)
  2 phantoms (D:9)
  A kobold brigand (D:11)
  3 bullfrogs
  A scorpion (D:4)
  40 killer bees
  3 troll zombies (D:9)
  2 howler monkeys (D:9)
  A centaur skeleton (D:7)
  8 orc priests
  A bullfrog skeleton (D:5)
  An iguana (D:5)
  11 orc wizards
  A killer bee zombie (D:7)
  2 ogre zombies (D:9)
  A hound skeleton (D:5)
  A howler monkey zombie (D:9)
  3 gnolls (D:6)
  3 adders
  A white imp (D:5)
  A worm (D:5)
  30 orcs
  2 endoplasms
  A giant cockroach (D:4)
  3 goblins
  5 hobgoblins
  4 jackals
  12 kobolds
  3 ball pythons
  11 frilled lizards
  2 goblin zombies (D:9)
  2 hobgoblin zombies (D:9)
  6 orc skeletons (D:9)
  6 orc zombies (D:9)
  5 rats
233 creatures vanquished.

Vanquished Creatures (collateral kills)
  Pikel (D:4)
  Maggie (D:8)
  A kobold demonologist (D:11)
  A wraith (D:11)
  8 yaks
  A water moccasin (D:7)
  2 orc warriors (D:7)
  2 black bears
  2 ogres
  A kobold brigand (D:7)
  A lemure (D:4)
  A bullfrog (D:7)
  A wyvern zombie (D:9)
  A scorpion (D:5)
  A killer bee (D:10)
  A bullfrog zombie (D:5)
  A centaur zombie (D:9)
  An orc priest (D:7)
  A jelly (D:6)
  3 iguanas
  3 orc wizards
  An ogre zombie (D:9)
  2 hound skeletons (D:4)
  4 gnolls (D:2)
  6 adders
  A howler monkey skeleton (D:5)
  A worm (D:2)
  2 dart slugs
  5 orcs
  5 endoplasms
  2 giant cockroaches
  4 goblins
  3 hobgoblins
  2 jackals (D:2)
  3 quokkas
  A ball python (D:3)
  2 bats (D:1)
  2 goblin skeletons (D:9)
  A goblin zombie (D:9)
  A hobgoblin skeleton (D:9)
  4 kobolds
  5 orc zombies (D:9)
  6 rats
98 creatures vanquished.

Vanquished Creatures (others)
  An orc (D:8)
  38 fungi (D:8)
  58 plants
97 creatures vanquished.

Grand Total: 428 creatures vanquished

Notes
Turn   | Place    | Note
-------+----------+-------------------------------------------
     0 | D:1      | tilp the Barachi Summoner began the quest for the Orb.
     0 | D:1      | Reached XP level 1. HP: 13/13 MP: 3/3
    54 | D:1      | Reached skill level 1 in Fighting
   425 | D:1      | Reached XP level 2. HP: 19/22 MP: 3/5
   428 | D:1      | Learned a level 2 spell: Call Imp
   927 | D:1      | Found a faded altar of an unknown god.
  1859 | D:2      | Reached XP level 3. HP: 26/29 MP: 6/6
  1863 | D:2      | Learned a level 3 spell: Call Canine Familiar
  2660 | D:2      | Reached skill level 5 in Summonings
  2660 | D:2      | Reached XP level 4. HP: 30/37 MP: 2/7
  3540 | D:3      | Noticed a centaur
  3825 | D:3      | Found a large runed translucent door.
  3827 | D:3      | Found a large runed translucent door.
  3834 | D:3      | Found a corrupted altar of Lugonu.
  3883 | D:3      | Identified the Grimoire of Earthen Poison
  4336 | D:3      | Found a one-way gate to the infinite horrors of the Abyss.
  5010 | D:4      | Found a runed translucent door.
  5010 | D:4      | Noticed an ice beast
  5019 | D:4      | Reached XP level 5. HP: 42/42 MP: 5/9
  5799 | D:4      | Noticed a lemure
  5799 | D:4      | Noticed Pikel
  5819 | D:4      | Killed a lemure
  5873 | D:4      | Noticed a lemure
  5874 | D:4      | Noticed a lemure
  5874 | D:4      | Noticed a lemure
  5904 | D:4      | Killed a lemure
  5914 | D:4      | Killed a lemure
  5926 | D:4      | Killed a lemure
  6025 | D:4      | Killed Pikel
  6026 | D:4      | Reached XP level 6. HP: 33/48 MP: 1/10
  6026 | D:4      | Reached XP level 7. HP: 37/54 MP: 1/11
  6517 | D:5      | Entered Level 5 of the Dungeon
  6635 | D:5      | Found a burning altar of Makhleb.
  6683 | D:5      | Found a staircase to the Ecumenical Temple.
  6712 | Temple   | Entered the Ecumenical Temple
  6820 | Temple   | Became a worshipper of Warmaster Okawaru
  7022 | D:5      | Found a radiant altar of Vehumet.
  7024 | D:5      | Found an opulent altar of Gozag.
  7126 | D:5      | Reached XP level 8. HP: 60/60 MP: 13/13
  7529 | D:6      | Noticed a yak
  7529 | D:6      | Noticed a yak
  7529 | D:6      | Noticed a yak
  7529 | D:6      | Noticed a yak
  7529 | D:6      | Noticed a yak
  7529 | D:6      | Noticed a yak
  7572 | D:6      | Found a glowing drain.
  7590 | Sewer    | Entered a sewer
  8303 | D:6      | Found a basalt altar of Yredelemnul.
  8522 | D:6      | Killed a yak
  8522 | D:6      | Reached * piety under Okawaru
  8523 | D:6      | Reached skill level 1 in Invocations
  8853 | D:6      | Found Tughocar's Antique Weapon Boutique.
  8858 | D:6      | Bought a runed trident for 175 gold pieces
  9248 | D:6      | Killed a yak
  9257 | D:6      | Killed a yak
  9258 | D:6      | Reached skill level 5 in Fighting
  9272 | D:6      | Killed a yak
  9273 | D:6      | Reached XP level 9. HP: 43/69 MP: 1/15
  9280 | D:6      | Reached ** piety under Okawaru
  9281 | D:6      | Reached skill level 2 in Polearms
  9291 | D:6      | Reached skill level 3 in Polearms
  9536 | D:6      | Reached skill level 11 in Polearms
  9536 | D:6      | Reached XP level 10. HP: 76/76 MP: 16/16
  9585 | D:7      | Found a sacrificial altar of Ru.
  9607 | D:7      | Found a glowing golden altar of the Shining One.
  9747 | D:7      | Reached skill level 12 in Polearms
 10805 | D:7      | Learned a level 3 spell: Summon Guardian Golem
 11058 | D:8      | Noticed Maggie
 11071 | D:7      | Reached *** piety under Okawaru
 11488 | D:4      | Noticed Malog's ghost (amateur OpCj)
 11531 | D:4      | Killed Malog's ghost
 13279 | D:7      | Reached XP level 11. HP: 63/86 MP: 4/17
 13372 | D:7      | Received a gift from Okawaru
 13464 | D:8      | Found a white marble altar of Elyvilon.
 13643 | D:8      | Found a staircase to the Lair.
 13681 | D:8      | Killed Maggie
 13899 | D:9      | Reached **** piety under Okawaru
 14042 | D:9      | Reached skill level 13 in Polearms
 14057 | D:9      | Received a gift from Okawaru
 14737 | D:9      | Found a staircase to the Orcish Mines.
 14998 | D:9      | Reached skill level 14 in Polearms
 15513 | D:10     | Entered Level 10 of the Dungeon
 15582 | D:10     | Reached skill level 5 in Invocations
 15907 | D:10     | Found a sparkling altar of Nemelex Xobeh.
 15907 | D:10     | Noticed a two-headed ogre
 15930 | D:10     | Killed a two-headed ogre
 15930 | D:10     | Reached ***** piety under Okawaru
 15967 | D:10     | Found an ornate altar of the Wu Jian Council.
 16223 | D:10     | Found a shimmering blue altar of Sif Muna.
 16397 | D:10     | Reached XP level 12. HP: 62/92 MP: 11/18
 16584 | D:10     | Found a glowing silver altar of Zin.
 16726 | D:10     | Identified Sif Muna's Incunabulum of Battle Magic
 16781 | D:10     | Found Doyq's Antique Weapon Shoppe.
 16858 | D:10     | Found a shimmering altar of Xom.
 16982 | D:11     | Identified the +5 scale mail "Gobrohiy" {Harm rF+ Str+2}
                  | (Okawaru gifted it to you on level 11 of the Dungeon)
 16982 | D:11     | Received a gift from Okawaru
 17110 | D:11     | Noticed Snorg
 17214 | D:11     | Noticed a six-headed hydra
 17224 | D:11     | Slain by a six-headed hydra

Illustrated notes

Levels and vault maps discovered:
D:1:      denvon_arrival_waterhouse, layout_basic,
          hellmonk_ecumenical_altar_run_dry, minmay_strange_pillars,
          minmay_tall_x
D:2:      wander_river, layout_basic
D:3:      due_chaos_kobolds, layout_basic, serial_aquarium,
          aquarium_bridge_square [aquarium_subvault_window,
          aquarium_subvault_wall, aquarium_subvault_wall,
          aquarium_subvault_bridge], aquarium_bridge_square
          [aquarium_subvault_wall, aquarium_subvault_bridge,
          aquarium_subvault_bridge, aquarium_subvault_bridge],
          aquarium_window_fake, aquarium_window_1, aquarium_window_corridor_1,
          aquarium_window_corner, aquarium_view_2e, aquarium_balcony_5b,
          st_stairs_1, kennysheep_generic_room_15
D:4:      layout_loops_corners, gammafunk_ghost_grave, serial_rivers,
          chequers_serial_rivers_large_b, chequers_serial_rivers_small_a,
          chequers_serial_rivers_micro_c, chequers_serial_rivers_small_b,
          uniq_pikel
D:5:      layout_loops_ring, nicolae_overflow_hidden_temple,
          minmay_temple_entry_butterflies, serial_bayou_pond_c,
          chequers_serial_rivers_micro_a
D:6:      layout_basic, kennysheep_mini_moat, serial_shops, nicolae_shop_trees,
          cheibrodos_sewer_entry_drain, hex_medium
D:7:      layout_loops_ring, lemuel_tele_altar, kennysheep_little_box,
          corexii_leaking_fountain
D:8:      layout_rooms, general_overflow_altar, due_lair_maze_entry_diamond,
          uniq_maggie
D:9:      layout_roguey [special_room_bee], zombieorc2_lemuel
D:10:     layout_basic, led_sif_book, kennysheep_mini, zin_treasury,
          jmf_multi_god_temple, serial_shops, nicolae_shop_waterfront
D:11:     gammafunk_corrupted_shrine, layout_loops_ring, gammafunk_ghost_ooze,
          uniq_snorg
Temple:   eino_wide_crystal_templ

Skill      XL: |  1  2  3  4  5  6  7  8  9 10 11 12 |
---------------+-------------------------------------+-----
Fighting       | 1 3 4 6 7 8 |  8.0
Summonings     | 5 6 8 |  8.0
Spellcasting   | 3 4 |  4.0
Evocations     | 4 |  4.0
Dodging        | 3 4 |  4.0
Stealth        | 3 4 |  4.0
Invocations    | 4 6 7 |  7.8
Polearms       | 11 12 14 | 14.0

Action                   |  1- 3 |  4- 6 |  7- 9 | 10-12 || total
-------------------------+-------+-------+-------+-------++-------
Melee: Dagger            |    96 |    91 |    76 |       ||   263
       Spear             |    10 |    17 |     1 |       ||    28
       Hand axe          |       |       |    55 |       ||    55
       Trident           |       |       |    46 |   892 ||   938
       Punch             |       |       |     1 |     8 ||     9
Throw: Dart              |       |       |     6 |    24 ||    30
 Cast: Summon Small Mamm |    11 |       |       |       ||    11
       Call Imp          |    19 |    12 |    19 |    64 ||   114
       Call Canine Famil |     2 |    12 |    19 |    79 ||   112
Invok: Heroism           |       |       |     1 |    20 ||    21
 Abil: Hop               |       |       |     2 |     6 ||     8
Evoke: Wand              |       |       |     3 |     9 ||    12
  Use: Scroll            |     2 |     7 |     9 |     3 ||    21
       Potion            |       |       |     1 |     5 ||     6
 Stab: Sleeping          |     4 |     5 |     4 |     1 ||    14
       Distracted        |       |     4 |     2 |    11 ||    17
       Paralysed         |       |       |       |     6 ||     6
Armor: Robe              |     6 |       |       |       ||     6
       Leather armour    |    28 |    16 |    26 |     4 ||    74
       Ring mail         |       |       |       |    49 ||    49
       Steam dragon scal |       |       |       |   102 ||   102
       Skin              |       |       |       |    48 ||    48
       Scale mail        |       |       |       |    17 ||    17
Dodge: Dodged            |    75 |    60 |   122 |   491 ||   748

Table legend: (Time is in decaauts)
 A = Elapsed time spent in this place.
 B = Non-inter-level travel time spent in this place.
 C = Inter-level travel time spent in this place.
 D = Time resting spent in this place.
 E = Time spent auto-exploring this place.
 F = Levels seen in this place.
 G = Mean time per level.
                   A        B        C        D        E       F      G
               +--------+--------+--------+--------+--------+-----+--------+
         Total |  18621 |  17401 |   1220 |   4145 |   9843 |  13 | 1432.4 |
       Dungeon |  18089 |  16911 |   1178 |   4143 |   9464 |  11 | 1644.5 |
        Temple |    145 |    104 |     41 |      0 |    102 |   1 |  145.0 |
         Sewer |    386 |    386 |      0 |      2 |    277 |   1 |  386.0 |
               +--------+--------+--------+--------+--------+-----+--------+

Top non-repeatable levels by time:
     D:7: 3331 daAuts
     D:3: 2059 daAuts
     D:1: 1972 daAuts
     D:6: 1943 daAuts
     D:4: 1931 daAuts
     D:2: 1654 daAuts
     D:9: 1636 daAuts
    D:10: 1433 daAuts
     D:5: 1107 daAuts
     D:8: 775 daAuts
   Sewer: 386 daAuts
    D:11: 243 daAuts
  Temple: 145 daAuts
